 Dungeon Crawl Stone Soup version 0.30-a0-782-ge64f9170bb (webtiles) character file.

Game seed: 1072452592881294214

1367 Dirian the Cleaver (level 8, -2/70 HPs)
             Began as a Minotaur Fighter on Mar 9, 2023.
             Was an Initiate of Makhleb.
             Killed by divine providence
             ... invoked by an orc priest
              (12 damage)
             ... on level 6 of the Dungeon.
             The game lasted 00:08:10 (3292 turns).

Dirian the Cleaver (Minotaur Fighter)               Turns: 3292, Time: 00:08:11

Health: -2/70      AC: 11    Str: 21    XL:     8   Next: 38%
Magic:  7/7        EV:  7    Int:  4    God:    Makhleb [......]
Gold:   200        SH:  5    Dex: 15    Spells: 7/7 levels left

rFire   . . .      SeeInvis .    a - +0 war axe (heavy)
rCold   . . .      Faith    .    c - +0 buckler
rNeg    . . .      Spirit   .    s - +0 chain mail
rPois   +          Reflect  .    (helmet restricted)
rElec   .          Harm     .    (no cloak)
rCorr   .          Rampage  .    (no gloves)
Will    +....                    l - +0 pair of boots Stlth
                                 e - amulet of regeneration
HPRegen 1.11/turn                h - ring of poison resistance
MPRegen 0.10/turn                (no ring)

@: mighty
A: horns 2, retaliatory headbutt, hooves 1, agile 1, strong-willed 1
a: Renounce Religion


You were on level 6 of the Dungeon.
You worshipped Makhleb.
Makhleb was noncommittal.
You visited 2 branches of the dungeon, and saw 7 of its levels.

You collected 412 gold pieces.
You spent 212 gold pieces at shops.

Inventory:

Hand Weapons
 a - a +0 heavy war axe (weapon)
 A - a +2 flail of venom
Armour
 c - a +0 buckler (worn)
 l - a +0 pair of boots (worn)
 s - a +0 chain mail (worn)
Jewellery
 e - an amulet of regeneration (around neck)
 h - a ring of poison resistance (left hand)
Wands
 g - a wand of polymorph (7)
 v - a wand of digging (3)
Scrolls
 k - a scroll of fear
 m - a scroll of blinking {unknown}
 r - a scroll of immolation {unknown}
 t - 3 scrolls of teleportation
 u - a scroll of vulnerability {unknown}
 x - a scroll of fog {unknown}
 z - a scroll of magic mapping {unknown}
Potions
 f - 2 potions of attraction
 i - a potion of curing {unknown}
 j - a potion of berserk rage {unknown}
 n - a potion of brilliance {unknown}
 o - a potion of cancellation {unknown}
 p - a potion of degeneration
 q - a potion of flight {unknown}
 w - 2 potions of lignification


   Skills:
 + Level 6.3 Fighting
 + Level 9.1 Axes
 + Level 6.9 Armour
 + Level 5.2 Shields


You had 7 spell levels left.
You didn't know any spells.
Your spell library contained the following spells:

 Spells                   Type           Power      Damage    Failure   Level
 Magic Dart               Conj           0%         1d3       99%         1
 Slow                     Hex            0%         N/A       99%         1
 Call Imp                 Summ           0%         N/A       100%        2
 Confusing Touch          Hex            0%         N/A       100%        3
 Mephitic Cloud           Conj/Pois/Air  0%         N/A       100%        3
 Vampiric Draining        Necr           0%         2d6       100%        3


Dungeon Overview and Level Annotations

Branches:
Dungeon (6/15) Zot: 26954  Temple (1/1) D:5 Zot: 5883

Altars:
Cheibriados
Dithmenos
Elyvilon
Hepliaklqana
Makhleb
Ru
Sif Muna
Trog
Uskayaw
Xom
Yredelemnul
Zin
Lugonu

Shops:
D:1 :   D:3 [   D:4 (:=


Innate Abilities, Weirdness & Mutations

You have a pair of horns on your head.
You reflexively headbutt those who attack you in melee.
You have large cloven feet.
You are agile. (Dex +4, Str/Int -1)
You are strong-willed. (Will+)


Message History

The orc wizard hits you but does no damage.
The black bear bites you but does no damage.
The black bear claws you but does no damage.
You block the black bear's attack. The orc priest hits you with a +0 club.
* * * LOW HITPOINT WARNING * * *
The orc wizard hits you but does no damage.
The orc priest closely misses you.
You feel very mighty all of a sudden.
The orc wizard hits you but does no damage.
You block the black bear's attack. The black bear barely misses you.
The black bear claws you but does no damage.
The orc priest looks encouraged for a moment.
The orc priest miscasts a cantrip.
You barely miss the orc priest.
The orc priest is moderately wounded.
You slice the black bear!! You slice the orc!!
You kill the orc!
Makhleb accepts your kill.
You slash the orc wizard!
You kill the orc wizard!
Makhleb accepts your kill.
You barely miss the orc priest.
The black bear goes berserk!
The orc priest looks encouraged for a moment.
The orc priest invokes the aid of Beogh against you.
Beogh smites you!
* * * LOW HITPOINT WARNING * * *
You slash the orc priest! Your headbutt misses the orc priest.
The orc priest is severely wounded.
You closely miss the orc priest. You barely miss the black bear.
The black bear bites you but does no damage.
You block the black bear's attack. The black bear claws you.
* * * LOW HITPOINT WARNING * * *
The orc priest calls upon Beogh to heal the orc priest.
The orc priest's wounds heal themselves!
The orc priest calls upon Beogh to heal the orc priest.
The orc priest is healed somewhat.
The black bear barely misses you.
The black bear claws you but does no damage. x2
The orc priest invokes the aid of Beogh against you.
Beogh smites you!
You die...

#### ### #####..####
#.## ##(##...#..#### #
...###...........?.#.##
....##.....#..........#
...........##....)....##
.........[......@s......
...............hoo......
.♣.♣.♣.♣.♣.♣.♣.♣.♣.♣.♣.♣
.......................
........................
...........)............
.♣.♣.♣.♣.♣.♣.♣.♣.♣.♣.♣.♣
...... ...............
...


You could see a black bear (berserk), a scorpion and 2 orc priests.

Vanquished Creatures
  A black bear (D:4)
  A sky beast (D:4)
  An ice beast (D:5)
  A phantom (D:5)
  Blork the orc (D:4)
  2 scorpions (D:5)
  A howler monkey (D:4)
  2 jellies
  2 hounds (D:5)
  2 orc priests (D:4)
  Natasha (thrice) (D:3)
  An iguana (D:5)
  5 orc wizards
  2 hound zombies (D:4)
  11 gnolls (D:4)
  8 adders
  2 adder zombies (D:4)
  A worm (D:2)
  6 dart slugs
  14 orcs
  10 ball pythons
  9 endoplasms
  3 giant cockroaches
  42 goblins
  22 hobgoblins
  A quokka (D:4)
  5 bats
  4 frilled lizards
  10 kobolds
  8 rats
181 creatures vanquished.

Notes
Turn   | Place    | Note
-------+----------+-------------------------------------------
     0 | D:1      | Dirian the Minotaur Fighter began the quest for the Orb.
     0 | D:1      | Reached XP level 1. HP: 19/19 MP: 0/0
   120 | D:1      | Reached XP level 2. HP: 27/27 MP: 1/1
   133 | D:1      | Found Voydu's Book Shoppe.
   573 | D:2      | Reached XP level 3. HP: 33/33 MP: 2/2
   621 | D:2      | Reached skill level 3 in Axes
   877 | D:3      | Found a hide-covered altar of Uskayaw.
   884 | D:3      | Reached XP level 4. HP: 40/40 MP: 3/3
   928 | D:3      | Found a shadowy altar of Dithmenos.
  1278 | D:3      | Found Rupod's Armour Shoppe.
  1288 | D:3      | Noticed Natasha
  1296 | D:3      | Killed Natasha
  1297 | D:3      | Reached skill level 4 in Axes
  1454 | D:3      | Noticed Natasha
  1457 | D:3      | Killed Natasha
  1458 | D:3      | Reached XP level 5. HP: 47/47 MP: 4/4
  1488 | D:3      | Gained mutation: You are dopey. (Int -2) [potion of
                  | mutation]
  1488 | D:3      | Gained mutation: You have a pair of large horns on your
                  | head. [potion of mutation]
  1520 | D:3      | Lost mutation: You are dopey. (Int -2) [potion of mutation]
  1520 | D:3      | Lost mutation: You have a pair of large horns on your head.
                  | [potion of mutation]
  1520 | D:3      | Gained mutation: You have large cloven feet. [potion of
                  | mutation]
  1520 | D:3      | Gained mutation: You are strong-willed. (Will+) [potion of
                  | mutation]
  1520 | D:3      | Gained mutation: You are agile. (Dex +4, Str/Int -1)
                  | [potion of mutation]
  1559 | D:3      | Noticed Natasha
  1564 | D:3      | Killed Natasha
  1565 | D:3      | Reached skill level 5 in Armour
  1580 | D:4      | Noticed Blork the orc
  1582 | D:4      | Killed Blork the orc
  1583 | D:4      | Reached skill level 5 in Axes
  1592 | D:4      | Reached skill level 5 in Fighting
  1592 | D:4      | Reached XP level 6. HP: 45/56 MP: 5/5
  1617 | D:4      | Found Xopoev's Jewellery Boutique.
  1630 | D:4      | Found Mefeuguohu's Book Emporium.
  1663 | D:4      | Found Paickugoa's Antique Weapon Shop.
  1699 | D:4      | Found a basalt altar of Yredelemnul.
  1776 | D:4      | Reached skill level 6 in Axes
  1825 | D:4      | Reached XP level 7. HP: 61/61 MP: 6/6
  2143 | D:4      | Bought a faintly glowing war axe for 212 gold pieces
  2143 | D:4      | Identified the +5 war axe of Truncation {pain, Fly rC-
                  | Int-3 Dex+9} (You bought it in a shop on level 4 of the
                  | Dungeon)
  2255 | D:4      | Reached skill level 7 in Axes
  2544 | D:5      | Entered Level 5 of the Dungeon
  2557 | D:5      | Reached skill level 8 in Axes
  2559 | D:5      | Reached XP level 8. HP: 70/70 MP: 7/7
  2658 | D:5      | Found a staircase to the Ecumenical Temple.
  2668 | D:5      | Reached skill level 5 in Shields
  2700 | Temple   | Entered the Ecumenical Temple
  2797 | Temple   | Became a worshipper of Makhleb the Destroyer
  2922 | D:5      | Reached skill level 9 in Axes
  3292 | D:6      | Killed from afar by an orc priest

Illustrated notes

Levels and vault maps discovered:
D:1:      minmay_arrival_radiant_lines, layout_basic, serial_shops,
          nicolae_shop_hallway_stairs, serial_corexii_hall,
          chequers_hall_statues_corner_a, chequers_hall_statues_corner_a
D:2:      layout_rooms, chequers_mini_garden
D:3:      layout_basic, nicolae_dithmenos_the_darkroom,
          mainiacjoe_overflow_paths, serial_shops, nicolae_shop_hallway_plus,
          uniq_natasha
D:4:      minmay_goblin_kobold_castle, layout_basic,
          nicolae_yredelemnul_corpse_copse, serial_shops, shop, shop,
          nicolae_diamond_shop, uniq_blork_the_orc
D:5:      layout_loops_ring, temple_fountains
D:6:      layout_cave_pools, serial_park, serial_park_square3
          [serial_park_minivault_5x5_7], serial_park_tiny_pond,
          serial_park_tiny_2, serial_park_avenue1, serial_park_gazebo
          [serial_park_minivault_5x5_3], serial_park_square1
          [serial_park_minivault_5x5_1], uniq_menkaure
Temple:   kb_corrupted_temple

Skill      XL: |  1  2  3  4  5  6  7  8 |
---------------+-------------------------+-----
Armour         | 4 5 6 |  6.9
Fighting       | 4 5 6 |  6.3
Shields        | 4 5 |  5.2
Axes           | 3 4 5 6 8 9 |  9.1

Action                     |  1- 3 |  4- 6 |  7- 9 || total
---------------------------+-------+-------+-------++-------
  Melee: War axe           |    65 |    73 |   110 ||   248
         Headbutt          |    11 |    15 |    16 ||    42
    Use: Scroll            |     4 |       |       ||     4
         Potion            |       |     4 |     2 ||     6
 Armour: Scale mail        |    37 |    51 |    66 ||   154
         Chain mail        |       |       |    12 ||    12
  Dodge: Dodged            |    41 |    38 |    77 ||   156
  Block: Buckler           |    12 |    22 |    45 ||    79

Table legend: (Time is in decaauts)
 A = Elapsed time spent in this place.
 B = Non-inter-level travel time spent in this place.
 C = Inter-level travel time spent in this place.
 D = Time resting spent in this place.
 E = Time spent auto-exploring this place.
 F = Levels seen in this place.
 G = Mean time per level.
                   A        B        C        D        E       F      G
               +--------+--------+--------+--------+--------+-----+--------+
         Total |   3494 |   3347 |    147 |     30 |   2346 |   7 |  499.1 |
       Dungeon |   3377 |   3248 |    129 |     30 |   2266 |   6 |  562.8 |
        Temple |    116 |     98 |     18 |      0 |     80 |   1 |  116.0 |
               +--------+--------+--------+--------+--------+-----+--------+

Top non-repeatable levels by time:
     D:4: 1059 daAuts
     D:3: 764 daAuts
     D:5: 610 daAuts
     D:1: 562 daAuts
     D:2: 337 daAuts
  Temple: 116 daAuts
     D:6: 44 daAuts
